 Dungeon Crawl Stone Soup version 0.30-a0-377-g5cb311b (webtiles) character file.

Game seed: 18334635699339591539

379468 blackthorn the Warrior (level 22, -5/187 (188) HPs)
             Began as a Gnoll Earth Elementalist on Nov 27, 2022.
             Was a High Priest of Okawaru.
             Slain by a hell knight
             ... wielding a +3 halberd of pain
              (6 damage)
             ... on level 2 of the Depths.
             The game lasted 02:47:23 (60228 turns).

blackthorn the Warrior (Gnoll Earth Elementalist)  Turns: 60228, Time: 02:47:23

HP:   -5/187 (188)  AC: 31    Str: 22    XL:     22   Next: 5%
MP:   51/51         EV: 21    Int: 23    God:    Okawaru [*****.]
Gold: 3709          SH: 11    Dex: 22    Spells: 12/53 levels left

rFire   + + .      SeeInvis +    I - +5 double sword (freeze)
rCold   . . .      Faith    .    k - +2 buckler {reflect}
rNeg    + . .      Spirit   .    C - +6 scale mail of Tec Kuun {rCorr MP+9}
rPois   +          Reflect  +    d - +2 helmet {SInv}
rElec   .          Harm     .    B - scarf {rC+ rF+}
rCorr   +          Rampage  .    M - +2 pair of gloves {Str+3}
Will    +++..      Clarity  +    q - +2 pair of boots of the Dungeon {rPois Will- Int+10}
Stlth   +++++.....               s - amulet of the Four Winds {rN+ Will+++ Clar}
HPRegen 0.51/turn                T - ring "Wore" {AC+4 Str+2 Dex+4 Slay+3}
MPRegen 0.32/turn                K - ring "Ytuner" {Fire Str+2 Int-5 Dex+5 Slay+2}

@: studying 3 skills, lightly drained
A: fangs 1, strong nose, distributed training, talons 1, clarity
}: 4/15 runes: decaying, serpentine, slimy, abyssal
a: Renounce Religion, Heroism, Finesse, Duel


You were on level 2 of the Depths.
You worshipped Okawaru.
Okawaru was extremely pleased with you.
You visited 9 branches of the dungeon, and saw 41 of its levels.
You visited the Abyss 1 time.
You also visited: Trove, Bailey, Gauntlet and Ice Cave.

You collected 8783 gold pieces.
You spent 5074 gold pieces at shops.

Inventory:

Hand Weapons
 a - a +9 spectral demon trident
 b - the +9 heavy crossbow "Sniper" {vorpal, Acc+∞ SInv}
   (You found it in a treasure trove)

   Any ammunition fired from it inflicts extra damage upon your enemies.
   Any ammunition fired from it never misses its target.
   SInv:      It lets you see invisible.
 r - the +8 rapier of Nutata {freeze, Dex+2}
   (You bought it in a shop on level 1 of the Depths)

   It freezes those it strikes, dealing additional cold damage.
   It can also slow down cold-blooded creatures.
   Dex:       It affects your dexterity (+2).
 u - the +8 rapier "Orb Guardian's Regret" {venom, rCorr Str+2}
   (You bought it in a shop on level 1 of the Depths)

   It poisons the flesh of those it strikes.
   Str:       It affects your strength (+2).
   rCorr:     It protects you from acid and corrosion.
 I - a +5 double sword of freezing (weapon)
 L - a +1 demon blade of electrocution
Missiles
 i - 25 poisoned darts (quivered)
 m - 2 throwing nets
 G - 24 atropa-tipped darts
Armour
 d - a +2 helmet of see invisible (worn)
 k - a +2 buckler of reflection (worn)
 q - the +2 pair of boots of the Dungeon (worn) {rPois Will- Int+10}
   (You acquired it on level 10 of the Dungeon)

   Int:       It affects your intelligence (+10).
   rPois:     It protects you from poison.
   Will:      It decreases your willpower.
 B - a scarf of resistance (worn)
 C - the +6 scale mail of Tec Kuun (worn) {rCorr MP+9}
   (Okawaru gifted it to you on level 4 of the Swamp)

   MP:        It affects your magic capacity (+9).
   rCorr:     It protects you from acid and corrosion.
 M - a +2 pair of gloves of strength (worn)
Jewellery
 s - the amulet of the Four Winds (around neck) {rN+ Will+++ Clar}
   (You found it on level 3 of the Elven Halls)

   [amulet of nothing]

   rN:        It protects you from negative energy.
   Clar:      It protects you against confusion.
   Will:      It greatly increases your willpower.
 E - the ring "Dohaunni" {rElec rF- rC+ Will+++ Dex+6}
   (You found it on level 4 of the Dungeon)

   [ring of protection from cold]

   Dex:       It affects your dexterity (+6).
   rF:        It makes you vulnerable to fire.
   rC:        It protects you from cold.
   rElec:     It insulates you from electricity.
   Will:      It greatly increases your willpower.
 K - the ring "Ytuner" (right hand) {Fire Str+2 Int-5 Dex+5 Slay+2}
   (You found it in a Gauntlet)

   [ring of fire]

   It enhances your fire magic.
   Str:       It affects your strength (+2).
   Int:       It affects your intelligence (-5).
   Dex:       It affects your dexterity (+5).
   Slay:      It affects your accuracy & damage with ranged weapons and melee
   (+2).
   rF:        It protects you from fire.
   rC:        It makes you vulnerable to cold.
 N - the ring of Rifuto {rF+ Will+ rCorr Int+5 Dex-2}
   (You found it on level 3 of the Snake Pit)

   [ring of willpower]

   Int:       It affects your intelligence (+5).
   Dex:       It affects your dexterity (-2).
   rF:        It protects you from fire.
   rCorr:     It protects you from acid and corrosion.
   Will:      It increases your willpower.
 T - the ring "Wore" (left hand) {AC+4 Str+2 Dex+4 Slay+3}
   (You bought it in a shop on level 2 of the Orcish Mines)

   [ring of protection]

   AC:        It affects your AC (+4).
   Str:       It affects your strength (+2).
   Dex:       It affects your dexterity (+4).
   Slay:      It affects your accuracy & damage with ranged weapons and melee
   (+3).
 U - the ring of the Mage {Wiz Archmagi}
   (You found it on level 3 of the Elven Halls)

   [ring of wizardry]

   It improves your spell success rate.
   Archmagi:  It increases the power of your magical spells.
 W - the ring of Vudogul {Fly rF+ rN+ Int+3}
   (You found it on level 5 of the Pits of Slime)

   [ring of flight]

   Int:       It affects your intelligence (+3).
   rF:        It protects you from fire.
   rN:        It protects you from negative energy.
   Fly:       It grants you flight.
Wands
 n - a wand of iceblast (62)
 z - a wand of acid (10)
 A - a wand of paralysis (41)
 R - a wand of mindburst (12)
 Y - a wand of flame (61)
Scrolls
 f - 9 scrolls of enchant armour
 g - 5 scrolls of vulnerability
 w - 6 scrolls of magic mapping
 x - 3 scrolls of poison
 y - a scroll of brand weapon
 D - 13 scrolls of teleportation
 H - 4 scrolls of torment
 J - 9 scrolls of fear
 Q - 7 scrolls of immolation
Potions
 c - 2 potions of ambrosia
 h - 6 potions of flight
 j - 15 potions of brilliance
 l - 7 potions of mutation
 o - 8 potions of lignification
 p - 6 potions of might
 t - a potion of haste
 v - 2 potions of curing
 F - 3 potions of cancellation
 O - 4 potions of resistance
 P - 8 potions of invisibility
 X - 5 potions of magic
 Z - 4 potions of berserk rage
Miscellaneous
 e - a box of beasts
 S - a condenser vane (inert)
 V - a tin of tremorstones (2/2)


   Skills:
 + Level 19.5 Fighting
 + Level 15.3 Short Blades
 + Level 15.3 Long Blades
 + Level 15.3 Axes
 + Level 15.3 Maces & Flails
 + Level 15.3 Polearms
 + Level 15.3 Staves
 + Level 15.3 Ranged Weapons
 + Level 17.1 Throwing
 + Level 15.3 Armour
 + Level 15.9 Dodging
 + Level 15.8 Stealth
 + Level 15.3 Shields
 + Level 15.3 Unarmed Combat
 + Level 16.0 Spellcasting
 + Level 13.0 Conjurations
 + Level 14.2 Hexes
 + Level 13.0 Summonings
 + Level 13.0 Necromancy
 + Level 13.0 Translocations
 + Level 13.2 Transmutations
 + Level 13.0 Fire Magic
 + Level 13.0 Ice Magic
 + Level 13.0 Air Magic
 + Level 14.0 Earth Magic
 + Level 13.0 Poison Magic
 + Level 16.6 Invocations
 + Level 15.3 Evocations


You had 12 spell levels left.
You knew the following spells:

 Your Spells              Type           Power      Damage    Failure   Level
a - Arcjolt               Conj/Air       34%        1d44      1%          5
b - Stone Arrow           Conj/Erth      100%       3d13      1%          3
c - Frozen Ramparts       Ice            100%       1d16      1%          3
d - Sticky Flame          Conj/Fire      87%        2d10      1%          4
e - Freezing Cloud        Conj/Ice/Air   34%        6-21      1%          5
f - Lee's Rapid Deconstr  Erth           35%        3d18*     1%          5
g - Yara's Violent Unrav  Hex/Tmut       34%        3d14      1%          5
h - Statue Form           Tmut/Erth      46%        N/A       3%          6
i - Inner Flame           Hex/Fire       88%        N/A       1%          3
p - Blink                 Tloc           100%       N/A       1%          2

Your spell library contained the following spells:

 Spells                   Type           Power      Damage    Failure   Level
 Apportation              Tloc           100%       N/A       1%          1
 Beastly Appendage        Tmut           100%       N/A       1%          1
 Freeze                   Ice            100%       1d10      1%          1
 Magic Dart               Conj           100%       1d8       1%          1
 Necrotise                Necr           100%       1d9       1%          1
 Sandblast                Erth           100%       2d20      1%          1
 Shock                    Conj/Air       100%       1d9       1%          1
 Sting                    Tmut/Pois      100%       1d8       1%          1
 Cigotuvi's Dreadful Rot  Necr/Pois/Air  100%       N/A       1%          2
 Ensorcelled Hibernation  Hex/Ice        100%       N/A       1%          2
 Momentum Strike          Conj/Tloc      100%       3d10      1%          2
 Passwall                 Tmut/Erth      57%        N/A       1%          2
 Poisonous Vapours        Pois/Air       100%       N/A       1%          2
 Searing Ray              Conj           100%       2d8       1%          2
 Static Discharge         Conj/Air       100%       2-7/arc   1%          2
 Sublimation of Blood     Necr           68%        N/A       1%          2
 Wereblood                Tmut           68%        N/A       1%          2
 Gell's Gravitas          Tloc           68%        N/A       1%          3
 Hailstorm                Conj/Ice       68%        3d14      1%          3
 Ignite Poison            Fire/Tmut/Pois 87%        N/A       1%          3
 Lesser Beckoning         Tloc           100%       N/A       1%          3
 Ozocubu's Armour         Ice            68%        N/A       1%          3
 Spider Form              Tmut/Pois      68%        N/A       1%          3
 Swiftness                Air            68%        N/A       1%          3
 Teleport Other           Tloc           68%        N/A       1%          3
 Vampiric Draining        Necr           68%        2d10      1%          3
 Vhi's Electric Charge    Tloc/Air       100%       N/A       1%          3
 Airstrike                Air            34%        2d(5-21)  1%          4
 Anguish                  Hex/Necr       34%        N/A       1%          4
 Cause Fear               Hex            35%        N/A       1%          4
 Flame Wave               Conj/Fire      87%        2d19      1%          4
 Fulminant Prism          Conj/Hex       34%        3d16      1%          4
 Ice Form                 Ice/Tmut       68%        N/A       1%          4
 Iskenderun's Mystic Bla  Conj/Tloc      68%        2d14      1%          4
 Leda's Liquefaction      Hex/Erth       35%        N/A       1%          4
 Olgreb's Toxic Radiance  Pois           68%        N/A       1%          4
 Passage of Golubria      Tloc           68%        N/A       1%          4
 Petrify                  Tmut/Erth      69%        N/A       1%          4
 Agony                    Necr           68%        N/A       1%          5
 Alistair's Intoxication  Tmut/Pois      45%        N/A       1%          5
 Blade Hands              Tmut           34%        N/A       1%          5
 Irradiate                Conj/Tmut      34%        3d23      1%          5
 Lightning Bolt           Conj/Air       34%        1d51      1%          5
 Metabolic Englaciation   Hex/Ice        34%        N/A       1%          5
 Eringya's Noxious Bog    Tmut/Pois      34%        N/A       4%          6
 Dragon Form              Tmut           34%        N/A       26%         7
 Ozocubu's Refrigeration  Ice            34%        4d15      26%         7
 Storm Form               Tmut/Air       34%        N/A       26%         7
 Discord                  Hex            35%        N/A       78%         8
 Death's Door             Necr           34%        N/A       100%        9
 Polar Vortex             Ice            34%        N/A       100%        9
 Summon Small Mammal      Summ           Unusable   N/A       N/A         1
 Call Canine Familiar     Summ           Unusable   N/A       N/A         3
 Summon Guardian Golem    Hex/Summ       Unusable   N/A       N/A         3
 Tukima's Dance           Hex            Unusable   N/A       N/A         3
 Animate Armour           Summ/Erth      Unusable   N/A       N/A         4
 Summon Ice Beast         Ice/Summ       Unusable   N/A       N/A         4
 Simulacrum               Ice/Necr       Unusable   N/A       N/A         6

Dungeon Overview and Level Annotations

Branches:
Dungeon (15/15)            Temple (1/1) D:5            Lair (5/5) D:9
  Swamp (4/4) Lair:3        Snake (4/4) Lair:3        Slime (5/5) Lair:4
    Orc (2/2) D:9             Elf (3/3) Orc:2        Vaults (0/5) D:13
 Depths (2/4) D:15         Bailey (visited)           IceCv (visited)
Gauntlet (visited)

Altars:
Ashenzari
Cheibriados
Dithmenos
Elyvilon
Fedhas
Gozag
Hepliaklqana
Kikubaaqudgha
Nemelex Xobeh
Okawaru
Sif Muna
Trog
Uskayaw
Vehumet
Wu Jian
Xom
Yredelemnul
Zin
The Shining One
Jiyva

Shops:
D:2 =   D:7 [*   D:8 *   D:11 [   D:14 [   Orc:1 :   Orc:2 *(=[   Elf:3 :*!(*[
Depths:1 *((=(

Portals:
Hell: Depths:1
Abyss: Depths:1
Pandemonium: Depths:1

Annotations:
D:9 Caerwyn's ghost, novice DjAE; Stormy's ghost, novice DrTm


Innate Abilities, Weirdness & Mutations

You have very sharp teeth.
Your uncanny sense of smell can sniff out nearby items.
Your experience applies equally to all skills.
You have sharp toenails.
You possess an exceptional clarity of mind.


Message History

The hell knight is severely wounded.
Your +9 spectral demon trident hits the hell knight!
The hell knight is engulfed in freezing vapours.
The hell knight closely misses you.
The hell knight calls down the wrath of its god upon you.
The bolt of fire hits the hell knight.
The hell knight completely resists.
You hear a sizzling sound!
The hell knight is engulfed in freezing vapours.
The hell knight hits your +9 spectral demon trident with a +3 war axe.
Your spectral weapon shares its damage with you!
You block the hell knight's attack.
* * * LOW HITPOINT WARNING * * *
Your spectral weapon disappears.
Your +5 double sword of freezing glows with a cold blue light!
I - a +5 double sword of freezing (weapon)
The hell knight is engulfed in freezing vapours.
The hell knight hits you from afar with a +4 glaive of flaming!!
* * * LOW HITPOINT WARNING * * *
The hell knight burns you.
* * * LOW HITPOINT WARNING * * *
The hell knight is engulfed in freezing vapours.
The hell knight hits you but does no damage.
You writhe in agony.
* * * LOW HITPOINT WARNING * * *
The hell knight is engulfed in freezing vapours. x2
The hell knight prays to its god.
The hell knight blinks!
The frost giant is engulfed in freezing vapours.
Unknown command.
Okay, then.
Okay, then.
The hell knight is engulfed in freezing vapours. x3
The frost giant is engulfed in freezing vapours.
The hell knight is engulfed in freezing vapours.
The hell knight hits you from afar with a +4 glaive of flaming!
* * * LOW HITPOINT WARNING * * *
The hell knight burns you.
* * * LOW HITPOINT WARNING * * *
The hell knight hits you from afar with a +3 halberd of pain.
You die...

........).....
#.....................
#.........#######..###
#.........#######..###
#....................#
#....................#
#....................#
#....................#
#....@§§§............#
#.>....p§=.?.........#
#.....pp§§§..........#
#......§C§§...........
#..p...§§§§§..........
#.....p..§§§§.........
#........§§§§.........
#......§§p§§§.........
#......§§§............


You could see a frost giant and 6 hell knights.

Vanquished Creatures
  the Royal Jelly (Arena)
  Saint Roka (Snake:4)
  Vashnia (Snake:2)
  Nikola (Snake:2)
  the Enchantress (D:15)
  A bone dragon (Abyss:3)
  Asterion (Snake:1)
  Mlioglotl (Snake:4)
  3 deep elf blademasters
  3 tentacled monstrosities
  5 deep elf master archers (Elf:3)
  23 acid blobs
  The ghost of Stormy the Brawler, an adept TrEE of Wu Jian (Snake:3)
  4 tentacled starspawn (Abyss:3)
  Gastronok (Lair:3)
  Kirke (Swamp:2)
  A thorn hunter (Swamp:1)
  9 azure jellies
  3 fenstrider witches
  Donald (Swamp:1)
  12 nagarajas
  11 rockslimes
  Roxanne (Snake:2)
  A frost giant (Depths:2)
  A fire giant (Depths:1)
  A draconian knight (IceCv)
  4 deep elf sorcerers (Elf:3)
  Louise (Snake:4)
  A deep elf elementalist (Elf:3)
  The ghost of Hyovuh the Fighter, a journeyman OgDe of Wu Jian (Lair:3)
  2 orc warlords
  3 spriggan defenders
  A stone giant (D:15)
  13 quicksilver oozes
  3 deep elf demonologists
  5 eleionomae
  6 bunyips
  3 deep elf annihilators (Elf:3)
  A minotaur (Gauntlet)
  6 white draconians
  4 spark wasps (D:15)
  An eidolon (Abyss:3)
  6 deep elf death magi
  4 fire dragons
  A deep elf high priest (Elf:3)
  3 ettins
  Erolcha (Orc:2)
  2 shambling mangroves
  A rakshasa (Abyss:3)
  2 salamander tyrants
  17 hydras
  2 ghost crabs (Swamp:2)
  An ogre mage (D:15)
  A catoblepas (Lair:5)
  3 ice dragons
  5 great orbs of eyes
  2 spriggan air magi (D:15)
  A hell beast (Depths:1)
  2 boulder beetles
  5 alligators
  14 anacondas
  6 two-headed ogres
  9 centaur warriors
  A death scarab (Swamp:2)
  8 naga warriors
  A hell hog (Depths:1)
  2 orc high priests (Orc:2)
  A shock serpent (Snake:2)
  27 dancing weapons
  11 naga sharpshooters
  Urug (D:11)
  6 hell knights
  4 spriggan berserkers
  Sonja (Lair:4)
  4 soul eaters
  A thrashing horror (Abyss:3)
  4 sun demons
  6 wretched stars (Abyss:3)
  A sixfirhy (Abyss:3)
  16 deep elf knights
  A fire crab (Lair:5)
  2 skeletal warriors (D:15)
  A goliath frog (Swamp:1)
  2 bunyip zombies (Swamp:2)
  8 salamander mystics
  7 spatial maelstroms (Abyss:3)
  13 naga ritualists
  2 glowing orange brains
  An orb spider (Abyss:3)
  A death drake (Abyss:3)
  5 spriggan druids
  11 swamp dragons
  A phantasmal warrior (D:15)
  An orange crystal statue (IceCv)
  A wizard (D:13)
  2 necromancers
  A spriggan simulacrum (Swamp:2)
  3 lindwurms (Swamp:4)
  9 bog bodies
  A sphinx zombie (D:15)
  13 deep elf archers
  A bunyip skeleton (Swamp:2)
  A stone giant zombie (D:15)
  8 orc sorcerers
  24 deep elf pyromancers
  11 mana vipers
  29 deep elf zephyrmancers
  6 orc knights
  3 worldbinders (Abyss:3)
  2 iron dragon zombies
  6 will-o-the-wisps
  7 ugly things
  3 manticores
  5 cyclopes
  10 salamanders
  29 black mambas
  13 elephants
  Maurice (D:10)
  4 molten gargoyles
  9 guardian serpents
  2 ice statues
  A smoke demon (D:15)
  An eye of devastation (Slime:1)
  A torpor snail (Lair:2)
  6 storm dragon simulacra (IceCv)
  16 naga magi
  Psyche (D:10)
  A hellion (Abyss:3)
  10 cane toads
  6 rime drakes
  2 tormentors (Abyss:3)
  8 komodo dragons
  4 efreet
  4 tengu conjurers
  A queen bee (D:13)
  13 trolls
  3 meliai
  An ancient zyme (Abyss:3)
  14 hornets
  8 tyrant leeches
  5 golden dragon simulacra (IceCv)
  A queen bee (shapeshifter) (Elf:3)
  A polar bear (D:9)
  Prince Ribbit (D:8)
  A merfolk (shapeshifter) (D:13)
  9 blink frogs
  59 slime creatures
  8 raiju (Abyss:3)
  A jumping spider (shapeshifter) (D:13)
  A ynoxinul (Abyss:3)
  2 shadows
  23 starcursed masses (Abyss:3)
  6 wyverns
  26 yaks
  4 air elementals (Elf:1)
  A wraith (D:10)
  3 centaur simulacra (Gauntlet)
  4 fire elementals
  A vampire (D:10)
  4 large abominations (Abyss:3)
  A human (shapeshifter) (Elf:1)
  21 spriggans
  2 basilisks (Lair:5)
  2 neqoxecs (Abyss:3)
  A chaos spawn (Abyss:3)
  11 golden eyes
  A human (Swamp:1)
  3 steam dragons (Lair:5)
  7 wargs
  6 vampire mosquitoes
  19 swamp worms
  A glowing shapeshifter zombie (D:15)
  2 acid dragons
  11 spatial vortices (Abyss:3)
  4 hell hounds (Lair:5)
  47 nagas
  A floating eye (Depths:1)
  A naga skeleton (Abyss:3)
  A floating eye (shapeshifter) (Elf:3)
  7 swamp drakes
  2 small abominations (Abyss:3)
  11 water moccasins
  8 ice dragon simulacra (IceCv)
  4 black bears
  45 orc warriors
  A hornet zombie (Swamp:2)
  4 ice beasts
  9 centaurs
  9 ogres
  2 wolves (D:8)
  A swamp dragon skeleton (Swamp:2)
  A phantom (D:4)
  3 kobold brigands
  6 earth elementals
  3 bullfrogs
  A gnoll sergeant (D:12)
  3 scorpions
  14 wights
  2 lindwurm simulacra (IceCv)
  21 killer bees
  6 howler monkeys
  5 lava snakes (Lair:5)
  A wyvern simulacrum (Gauntlet)
  A jelly (D:6)
  15 orc priests
  A gnoll bouda (D:6)
  An iron imp (Abyss:3)
  8 iguanas
  14 orc wizards
  3 polar bear simulacra (Lair:5)
  6 yak simulacra (Lair:5)
  2 wolf simulacra (Lair:5)
  8 adders
  13 gnolls
  A white imp (D:6)
  An ufetubus (Abyss:3)
  A worm (D:5)
  3 dart slugs
  76 orcs
  5 bats
  2 endoplasms (D:1)
  4 giant cockroaches
  17 goblins
  17 hobgoblins
  18 kobolds
  2 quokkas
  4 ball pythons
  4 frilled lizards (D:3)
  3 rats
  A lurking horror (Abyss:3)
  4 starspawn tentacles (Abyss:3)
1396 creatures vanquished.

Vanquished Creatures (others)
  A deep elf elementalist (Elf:3)
  A deep elf knight (Elf:3)
  A deep elf pyromancer (Elf:1)
  A bloated husk (Swamp:4)
  2 humans (Swamp:2)
  4 yaks (D:8)
  2 swamp worms
  31 foxfires
  41 fungi
  2 lurking horrors (Abyss:3)
  50 plants
  A starspawn tentacle (Abyss:3)
  6 withered plants (D:15)
143 creatures vanquished.

Grand Total: 1539 creatures vanquished

Notes
Turn   | Place    | Note
-------+----------+-------------------------------------------
     0 | D:1      | blackthorn the Gnoll Earth Elementalist began the quest for
                  | the Orb.
     0 | D:1      | Reached XP level 1. HP: 13/13 MP: 6/6
   280 | D:1      | Reached XP level 2. HP: 19/19 MP: 1/7
  1046 | D:2      | Reached skill level 5 in Spellcasting
  1046 | D:2      | Reached XP level 3. HP: 25/25 MP: 5/9
  1048 | D:2      | Found Keorr's Jewellery Emporium.
  1490 | D:3      | Reached skill level 1 in Invocations
  1663 | D:3      | Reached skill level 1 in Fighting
  1663 | D:3      | Reached skill level 1 in Short Blades
  1663 | D:3      | Reached skill level 1 in Long Blades
  1663 | D:3      | Reached skill level 1 in Axes
  1663 | D:3      | Reached skill level 1 in Maces & Flails
  1663 | D:3      | Reached skill level 1 in Polearms
  1663 | D:3      | Reached skill level 1 in Staves
  1663 | D:3      | Reached skill level 1 in Ranged Weapons
  1663 | D:3      | Reached skill level 1 in Throwing
  1663 | D:3      | Reached skill level 1 in Armour
  1663 | D:3      | Reached skill level 1 in Shields
  1663 | D:3      | Reached skill level 1 in Unarmed Combat
  1663 | D:3      | Reached skill level 1 in Evocations
  1787 | D:3      | Reached skill level 1 in Conjurations
  1787 | D:3      | Reached skill level 1 in Hexes
  1787 | D:3      | Reached skill level 1 in Summonings
  1787 | D:3      | Reached skill level 1 in Necromancy
  1787 | D:3      | Reached skill level 1 in Translocations
  1787 | D:3      | Reached skill level 1 in Fire Magic
  1787 | D:3      | Reached skill level 1 in Ice Magic
  1787 | D:3      | Reached skill level 1 in Air Magic
  1787 | D:3      | Reached skill level 1 in Poison Magic
  1787 | D:3      | Reached XP level 4. HP: 32/32 MP: 8/11
  1948 | D:3      | Learned a level 3 spell: Stone Arrow
  1955 | D:3      | Reached XP level 5. HP: 37/37 MP: 9/12
  2491 | D:4      | Identified the +3 ring mail of Wul Ympifal {Dex+2}
  2671 | D:4      | Identified the ring "Dohaunni" {rElec rF- rC+ Will+++
                  | Dex+6}
  2898 | D:4      | Noticed a phantom
  2902 | D:4      | Killed a phantom
  2903 | D:4      | Reached XP level 6. HP: 44/44 MP: 9/14
  2989 | D:4      | Reached skill level 2 in Fighting
  2989 | D:4      | Reached skill level 5 in Dodging
  3095 | D:5      | Entered Level 5 of the Dungeon
  3671 | D:5      | Noticed an ice beast
  3722 | D:5      | Reached XP level 7. HP: 17/51 MP: 13/15
  3851 | D:5      | Reached skill level 5 in Stealth
  3979 | D:5      | Learned a level 3 spell: Frozen Ramparts
  4122 | D:5      | Found a staircase to the Ecumenical Temple.
  4144 | D:5      | Reached skill level 3 in Fighting
  4144 | D:5      | Reached XP level 8. HP: 44/58 MP: 16/16
  4905 | D:5      | Learned a level 4 spell: Sticky Flame
  6039 | D:6      | Reached skill level 4 in Fighting
  6039 | D:6      | Reached XP level 9. HP: 65/65 MP: 14/18
  6827 | D:7      | Found Wuufam's Armour Boutique.
  6833 | D:7      | Bought a +0 kite shield for 58 gold pieces
  6841 | D:7      | Found Waba's Assorted Antiques.
  7190 | D:8      | Found Yckoni's Assorted Antiques.
  7449 | D:8      | Reached skill level 5 in Invocations
  7897 | D:8      | Noticed Prince Ribbit
  8082 | D:8      | Learned a level 2 spell: Blink
  8296 | D:8      | Found Yckoni's Assorted Antiques.
  8591 | D:8      | Killed Prince Ribbit
  8941 | D:9      | Found a flagged portal.
  8968 | D:9      | Reached skill level 5 in Fighting
  8968 | D:9      | Reached skill level 5 in Short Blades
  8968 | D:9      | Reached skill level 5 in Long Blades
  8968 | D:9      | Reached skill level 5 in Axes
  8968 | D:9      | Reached skill level 5 in Maces & Flails
  8968 | D:9      | Reached skill level 5 in Polearms
  8968 | D:9      | Reached skill level 5 in Staves
  8968 | D:9      | Reached skill level 5 in Ranged Weapons
  8968 | D:9      | Reached skill level 5 in Throwing
  8968 | D:9      | Reached skill level 5 in Armour
  8968 | D:9      | Reached skill level 5 in Shields
  8968 | D:9      | Reached skill level 5 in Unarmed Combat
  8968 | D:9      | Reached skill level 5 in Evocations
  8968 | D:9      | Reached XP level 10. HP: 64/74 MP: 6/20
  9151 | Bailey   | Entered a bailey
  9530 | Bailey   | Reached skill level 5 in Transmutations
 10130 | Bailey   | Got the Treatise on Shapeshifting
 10327 | Bailey   | Noticed an orc warlord
 10342 | Bailey   | Reached skill level 6 in Fighting
 10342 | Bailey   | Reached skill level 5 in Conjurations
 10342 | Bailey   | Reached skill level 5 in Hexes
 10342 | Bailey   | Reached skill level 5 in Summonings
 10342 | Bailey   | Reached skill level 5 in Necromancy
 10342 | Bailey   | Reached skill level 5 in Translocations
 10342 | Bailey   | Reached skill level 5 in Fire Magic
 10342 | Bailey   | Reached skill level 5 in Ice Magic
 10342 | Bailey   | Reached skill level 5 in Air Magic
 10342 | Bailey   | Reached skill level 5 in Poison Magic
 10342 | Bailey   | Reached XP level 11. HP: 83/83 MP: 15/23
 10364 | Bailey   | Killed an orc warlord
 10682 | D:9      | Reached skill level 7 in Fighting
 10736 | D:9      | Found a staircase to the Orcish Mines.
 10787 | D:9      | Found a staircase to the Lair.
 11169 | D:9      | Found a runed translucent gate.
 11169 | D:9      | Found a runed translucent gate.
 11169 | D:9      | Found a runed translucent gate.
 11170 | D:9      | Noticed Stormy's ghost (novice DrTm)
 11171 | D:9      | Noticed Caerwyn's ghost (novice DjAE)
 11228 | D:10     | Entered Level 10 of the Dungeon
 11353 | D:10     | Reached XP level 12. HP: 91/91 MP: 8/24
 11466 | D:10     | Noticed Maurice
 11499 | D:10     | Killed Maurice
 11989 | D:10     | Found a portal to a secret trove of treasure.
 12360 | D:10     | Noticed Psyche
 12366 | D:10     | Killed Psyche
 12702 | D:10     | Found a hazy altar of Hepliaklqana.
 12980 | D:11     | Noticed Urug
 13326 | D:11     | Killed Urug
 13521 | D:11     | Found Ridoma's Antique Armour Boutique.
 14100 | Temple   | Entered the Ecumenical Temple
 14400 | Temple   | Became a worshipper of Warmaster Okawaru
 14787 | D:10     | Identified 2 scrolls of acquirement
 14787 | D:10     | Acquired 902 gold pieces
 14788 | D:10     | Acquired the +2 pair of boots of the Dungeon {rPois Will-
                  | Int+10}
 15168 | D:12     | Identified the +3 war axe "Urghy" {pain, MP+9}
 15214 | D:12     | Identified the +4 hand axe of Gasek {drain, rElec}
 15235 | D:12     | Noticed a centaur warrior
 15239 | D:12     | Noticed a two-headed ogre
 15248 | D:12     | Killed a centaur warrior
 15255 | D:12     | Killed a two-headed ogre
 15266 | D:12     | Noticed a boulder beetle
 15277 | D:12     | Killed a boulder beetle
 15277 | D:12     | Reached * piety under Okawaru
 15779 | D:13     | Noticed a centaur warrior
 15786 | D:13     | Killed a centaur warrior
 15845 | D:12     | Reached skill level 8 in Fighting
 16027 | D:12     | Reached ** piety under Okawaru
 16460 | D:13     | Reached XP level 13. HP: 80/98 MP: 23/26
 16746 | D:13     | Found a gate to the Vaults.
 16758 | D:13     | Reached *** piety under Okawaru
 17100 | D:13     | Reached **** piety under Okawaru
 17252 | Orc:1    | Entered Level 1 of the Orcish Mines
 17252 | Orc:1    | Found Honuh's Self-Improvement Boutique.
 17471 | D:9      | Reached skill level 10 in Spellcasting
 17577 | D:9      | Learned a level 5 spell: Freezing Cloud
 17618 | Orc:1    | Bought a manual of Fighting for 960 gold pieces
 17708 | Orc:2    | Entered Level 2 of the Orcish Mines
 17708 | Orc:2    | Found Syiwen's Antique Weapon Shop.
 17713 | Orc:2    | Received a gift from Okawaru
 18755 | Orc:1    | Reached skill level 9 in Fighting
 18876 | Orc:1    | Reached skill level 10 in Dodging
 19050 | Orc:2    | Found a staircase to the Elven Halls.
 19084 | Orc:2    | Noticed an orc warlord
 19124 | Orc:2    | Killed an orc warlord
 19326 | Orc:2    | Found Cocuick's Jewellery Shop.
 19336 | Orc:2    | Reached ***** piety under Okawaru
 19345 | Orc:2    | Bought the ring "Wore" {AC+4 Str+2 Dex+4 Slay+3} for 1023
                  | gold pieces
 19449 | Orc:2    | Identified the +1 robe "Vineor" {rN+ Archmagi} (Okawaru
                  | gifted it to you on level 2 of the Orcish Mines)
 19449 | Orc:2    | Received a gift from Okawaru
 19450 | Orc:2    | Reached skill level 10 in Stealth
 19589 | Orc:2    | Found Sogu's Antique Armour Shop.
 19609 | Orc:2    | Reached skill level 10 in Invocations
 19609 | Orc:2    | Reached XP level 14. HP: 24/109 MP: 22/28
 19869 | Orc:2    | Noticed Erolcha
 19880 | Orc:2    | Killed Erolcha
 20054 | Orc:2    | Found Xihun's General Store.
 20061 | Orc:2    | Bought a scroll of enchant weapon for 90 gold pieces
 20061 | Orc:2    | Bought a scroll of fear for 48 gold pieces
 20261 | Orc:2    | Bought a ring of see invisible for 225 gold pieces
 20274 | Orc:2    | Learned a level 5 spell: Yara's Violent Unravelling
 20382 | Lair:1   | Entered Level 1 of the Lair of Beasts
 20569 | Lair:1   | Reached skill level 10 in Fighting
 22114 | Lair:3   | Found a basalt altar of Yredelemnul.
 22123 | Lair:3   | Found a runed translucent gate.
 22123 | Lair:3   | Found a runed translucent gate.
 22124 | Lair:3   | Found a runed translucent gate.
 22134 | Lair:3   | Found a staircase to the Swamp.
 22231 | Lair:3   | Found a gate leading to a gauntlet.
 22243 | Lair:3   | Noticed Gastronok
 22248 | Gauntlet | Entered a Gauntlet
 22248 | Gauntlet | Found a transporter.
 22321 | Gauntlet | Found a transporter.
 22337 | Gauntlet | Found a transporter.
 22342 | Gauntlet | Found a transporter.
 22357 | Gauntlet | Found a transporter.
 22376 | Gauntlet | Found a transporter.
 22388 | Gauntlet | Found a transporter.
 22400 | Gauntlet | Found a transporter.
 22412 | Gauntlet | Found a transporter.
 22424 | Gauntlet | Found a transporter.
 22425 | Gauntlet | Noticed a broodmother
 22428 | Gauntlet | Noticed a dire elephant
 22430 | Gauntlet | Found a transporter.
 22430 | Gauntlet | Found a transporter.
 22457 | Gauntlet | a broodmother changed into a jorogumo
 22469 | Gauntlet | Found a transporter.
 22496 | Gauntlet | Found a transporter.
 22496 | Gauntlet | Found a transporter.
 22516 | Gauntlet | Found a transporter.
 22594 | Gauntlet | Found a transporter.
 22698 | Gauntlet | Found a transporter.
 22939 | Gauntlet | Identified the ring "Ytuner" {Fire Str+2 Int-5 Dex+5
                  | Slay+2}
 23125 | Lair:3   | Killed Gastronok
 23621 | D:10     | You paid a toll of 13 potions of heal wounds to enter a
                  | treasure trove
 23622 | Trove    | Entered a treasure trove
 23627 | Trove    | Found the +9 heavy crossbow "Sniper" {vorpal, Acc+∞ SInv}
 23642 | Trove    | Identified the ring "Adirheyq" {Int+4 Dex+6}
 23647 | Trove    | Identified the +1 pair of boots of Anaesthesia {Will+
                  | Dex+2}
 23651 | Trove    | Identified the +4 spear of Light {freeze, Dex+6}
 23654 | Trove    | Identified the +0 plate armour "Urorghic" {rPois Will+
                  | Dex+4 Stlth-}
 23902 | Lair:3   | Noticed Hyovuh's ghost (journeyman OgDe)
 24176 | Lair:3   | Found a staircase to the Snake Pit.
 24491 | Lair:3   | Killed Hyovuh's ghost
 24815 | Swamp:1  | Entered Level 1 of the Swamp
 24827 | Swamp:1  | Reached skill level 11 in Fighting
 24827 | Swamp:1  | Reached skill level 10 in Earth Magic
 24829 | Swamp:1  | Received a gift from Okawaru
 25191 | Swamp:1  | Noticed a fenstrider witch
 25197 | Swamp:1  | Killed a fenstrider witch
 25197 | Swamp:1  | Received a gift from Okawaru
 25198 | Swamp:1  | Reached skill level 10 in Short Blades
 25198 | Swamp:1  | Reached skill level 10 in Long Blades
 25198 | Swamp:1  | Reached skill level 10 in Axes
 25198 | Swamp:1  | Reached skill level 10 in Maces & Flails
 25198 | Swamp:1  | Reached skill level 10 in Polearms
 25198 | Swamp:1  | Reached skill level 10 in Staves
 25198 | Swamp:1  | Reached skill level 10 in Ranged Weapons
 25198 | Swamp:1  | Reached skill level 10 in Throwing
 25198 | Swamp:1  | Reached skill level 10 in Armour
 25198 | Swamp:1  | Reached skill level 10 in Shields
 25198 | Swamp:1  | Reached skill level 10 in Unarmed Combat
 25198 | Swamp:1  | Reached skill level 10 in Evocations
 25565 | Swamp:1  | Noticed an eleionoma
 25580 | Swamp:1  | Killed an eleionoma
 25581 | Swamp:1  | Reached XP level 15. HP: 99/119 MP: 6/30
 25733 | Swamp:1  | Noticed Donald
 25746 | Swamp:1  | Killed Donald
 26521 | Swamp:2  | Noticed a fenstrider witch
 26740 | Swamp:2  | Noticed a thorn hunter
 26748 | Swamp:1  | Killed a fenstrider witch
 27013 | Swamp:1  | Killed a thorn hunter
 27090 | Swamp:2  | Noticed Kirke
 27145 | Swamp:2  | Killed Kirke
 27390 | Swamp:2  | Reached skill level 12 in Fighting
 27390 | Swamp:2  | Noticed a tentacled monstrosity
 27445 | Swamp:2  | Killed a tentacled monstrosity
 27517 | Swamp:2  | Reached ****** piety under Okawaru
 27977 | Swamp:1  | Received a gift from Okawaru
 28171 | Swamp:2  | Received a gift from Okawaru
 28397 | Swamp:2  | Identified the +0 robe "Oceq" {Drain rPois rCorr Dex+4}
 28449 | Swamp:2  | Found an ancient bone altar of Kikubaaqudgha.
 28449 | Swamp:2  | Noticed a fenstrider witch
 28459 | Swamp:2  | Killed a fenstrider witch
 28470 | Swamp:2  | Received a gift from Okawaru
 28604 | Swamp:2  | Identified the +1 ring mail of Duty {Contam rCorr Stlth+}
                  | (Okawaru gifted it to you on level 2 of the Swamp)
 28604 | Swamp:2  | Received a gift from Okawaru
 29696 | Swamp:4  | Entered Level 4 of the Swamp
 29961 | Swamp:3  | Reached XP level 16. HP: 116/129 MP: 32/32
 30353 | Swamp:4  | Noticed a tentacled monstrosity
 30366 | Swamp:4  | Killed a tentacled monstrosity
 30435 | Swamp:4  | Reached skill level 13 in Fighting
 31152 | Swamp:4  | Received a gift from Okawaru
 31446 | Swamp:4  | Identified the +6 scale mail of Tec Kuun {rCorr MP+9}
                  | (Okawaru gifted it to you on level 4 of the Swamp)
 31446 | Swamp:4  | Received a gift from Okawaru
 31628 | Swamp:4  | Noticed a tentacled monstrosity
 31647 | Swamp:4  | Killed a tentacled monstrosity
 31849 | Swamp:4  | Got a decaying rune of Zot
 32217 | Lair:4   | Noticed Sonja
 32224 | Lair:4   | Killed Sonja
 32580 | Lair:4   | Reached skill level 10 in Transmutations
 32669 | Lair:4   | Identified the +9 scimitar "Nizosem" {protect, *Noise rF+
                  | rC+ Stlth+}
 32682 | Lair:4   | Found a staircase to the Slime Pits.
 33011 | Lair:5   | Entered Level 5 of the Lair of Beasts
 33552 | Lair:5   | Reached skill level 14 in Fighting
 33745 | Lair:5   | Found a large runed translucent door.
 33745 | Lair:5   | Found a large runed translucent door.
 33772 | Lair:5   | Reached XP level 17. HP: 138/139 MP: 33/33
 33821 | Lair:5   | Received a gift from Okawaru
 34210 | Lair:5   | Reached skill level 10 in Conjurations
 34210 | Lair:5   | Reached skill level 10 in Hexes
 34210 | Lair:5   | Reached skill level 10 in Summonings
 34210 | Lair:5   | Reached skill level 10 in Necromancy
 34210 | Lair:5   | Reached skill level 10 in Translocations
 34210 | Lair:5   | Reached skill level 10 in Fire Magic
 34210 | Lair:5   | Reached skill level 10 in Ice Magic
 34210 | Lair:5   | Reached skill level 10 in Air Magic
 34210 | Lair:5   | Reached skill level 10 in Poison Magic
 34675 | Elf:1    | Entered Level 1 of the Elven Halls
 34684 | Elf:1    | Paralysed by an air elemental for 1 turns
 34694 | Elf:1    | Paralysed by an air elemental for 1 turns
 34702 | Elf:1    | Paralysed by an air elemental for 1 turns
 34921 | Elf:1    | Found a frozen archway.
 34929 | IceCv    | Entered an ice cave
 35559 | IceCv    | Identified the +5 pair of gloves "Diclis" {Fly} (Okawaru
                  | gifted it to you in an ice cave)
 35559 | IceCv    | Received a gift from Okawaru
 35680 | IceCv    | Identified the ring "Wariamp" {Ice rElec Str+2}
 35683 | IceCv    | Identified the amulet of Veseubai {Reflect Dex+3 SH+5
                  | Stlth+}
 37210 | Elf:2    | Reached skill level 15 in Fighting
 37462 | Elf:2    | Identified the +1 scale mail of Lekhle {Rampage *Slow
                  | rPois} (Okawaru gifted it to you on level 2 of the Elven
                  | Halls)
 37462 | Elf:2    | Received a gift from Okawaru
 37488 | Elf:2    | Reached XP level 18. HP: 118/149 MP: 31/35
 37672 | Elf:2    | Found a runed translucent gate.
 37673 | Elf:2    | Found a runed translucent gate.
 37673 | Elf:2    | Found a runed translucent gate.
 37825 | Elf:2    | Noticed a deep elf blademaster
 38409 | Elf:2    | Killed a deep elf blademaster
 38879 | Elf:3    | Entered Level 3 of the Elven Halls
 38879 | Elf:3    | Found Ariroixt's Antique Weapon Shop.
 39033 | Elf:3    | Found Gelleun's Antique Armour Boutique.
 39039 | Elf:3    | Bought a pair of polished boots for 247 gold pieces
 39039 | Elf:3    | Identified the +0 pair of boots of the Last Villages {rPois
                  | rF+ Str+4} (You bought it in a shop on level 3 of the Elven
                  | Halls)
 39169 | Elf:3    | Found Daos's General Store.
 39177 | Elf:3    | Bought a potion of haste for 150 gold pieces
 39177 | Elf:3    | Bought 2 scrolls of enchant armour for 225 gold pieces
 39263 | Elf:3    | Found Ankeeg's Distillery.
 39265 | Elf:3    | Found Ydiseshrueru's Assorted Antiques.
 39267 | Elf:3    | Found Ufrucium's Book Emporium.
 39271 | Elf:3    | Bought a potion of haste for 140 gold pieces
 39271 | Elf:3    | Bought a potion of curing for 42 gold pieces
 39271 | Elf:3    | Bought a potion of heal wounds for 70 gold pieces
 39275 | Elf:3    | Bought a potion of mutation for 112 gold pieces
 39275 | Elf:3    | Bought a potion of resistance for 140 gold pieces
 39275 | Elf:3    | Bought a potion of mutation for 112 gold pieces
 39275 | Elf:3    | Bought a potion of resistance for 140 gold pieces
 39286 | Elf:3    | Bought a book of Lightning for 608 gold pieces
 39288 | Elf:3    | Learned a level 1 spell: Sting
 39365 | Elf:3    | Learned a level 5 spell: Arcjolt
 39747 | Elf:3    | Noticed a deep elf blademaster
 39764 | Elf:3    | Killed a deep elf blademaster
 39874 | Elf:3    | Noticed a deep elf blademaster
 39876 | Elf:3    | Noticed a deep elf master archer
 39895 | Elf:3    | Killed a deep elf blademaster
 39898 | Elf:3    | Killed a deep elf master archer
 39898 | Elf:3    | Identified the +1 great mace of Yrheim {speed, Contam rElec
                  | Dex+4 Stlth+} (Okawaru gifted it to you on level 3 of the
                  | Elven Halls)
 39898 | Elf:3    | Received a gift from Okawaru
 40006 | Elf:3    | Noticed a deep elf master archer
 40017 | Elf:3    | Killed a deep elf master archer
 40049 | Elf:3    | Noticed an Ice Fiend
 40325 | Elf:3    | Reached skill level 16 in Fighting
 40667 | Elf:3    | Noticed a deep elf master archer
 40845 | Elf:3    | Killed a deep elf master archer
 41055 | Elf:3    | Found the +1 cloak of Starlight {*Dazzle EV+4 Stlth--}
 41136 | Elf:3    | Noticed a deep elf master archer
 41136 | Elf:3    | Noticed a deep elf master archer
 41141 | Elf:3    | Killed a deep elf master archer
 41142 | Elf:3    | Killed a deep elf master archer
 41296 | Elf:3    | Got the Omnibus of Despicable Rites and the Coals
 41374 | Elf:3    | Identified the +8 hand axe of the Saviour {vorpal, *Slow
                  | +Blink rF+ Will++}
 41383 | Elf:3    | Got the Teachings on Boreal Elsewhere
 41425 | Elf:3    | Found the amulet of the Four Winds {rN+ Will+++ Clar}
 41431 | Elf:3    | Found the ring of the Mage {Wiz Archmagi}
 42006 | Lair:5   | Learned a level 5 spell: Lee's Rapid Deconstruction
 42013 | Lair:5   | Learned a level 6 spell: Statue Form
 42108 | Snake:1  | Entered Level 1 of the Snake Pit
 42574 | Snake:1  | Noticed Asterion
 42584 | Snake:1  | Killed Asterion
 43003 | Snake:2  | Noticed Roxanne
 43010 | Snake:2  | Killed Roxanne
 43010 | Snake:2  | Received a gift from Okawaru
 43190 | Snake:2  | Reached XP level 19. HP: 142/158 MP: 37/37
 43200 | Arena    | Entered the Arena
 43857 | Snake:2  | Noticed Nikola
 43934 | Snake:2  | Killed Nikola
 44400 | Snake:2  | Identified the +0 pair of boots "Fofes" {Drain rN++ Stlth+}
                  | (Okawaru gifted it to you on level 2 of the Snake Pit)
 44400 | Snake:2  | Received a gift from Okawaru
 44447 | Snake:2  | Noticed Vashnia
 44517 | Snake:2  | Killed Vashnia
 45161 | Snake:2  | Acquired 1353 gold pieces
 45419 | Snake:3  | Found a runed translucent gate.
 45419 | Snake:3  | Found a runed translucent gate.
 45419 | Snake:3  | Found a runed translucent gate.
 45807 | Snake:3  | Found a transporter.
 45849 | Snake:3  | Reached skill level 17 in Fighting
 46309 | Snake:3  | Noticed Stormy's ghost (adept TrEE)
 46326 | Snake:3  | Killed Stormy's ghost
 46408 | Snake:3  | Found a radiant altar of Vehumet.
 46688 | Snake:3  | Found a transporter.
 46738 | Snake:3  | Identified the ring of Rifuto {rF+ Will+ rCorr Int+5 Dex-2}
 46783 | Snake:4  | Entered Level 4 of the Snake Pit
 46838 | Snake:4  | Received a gift from Okawaru
 46848 | Snake:4  | Reached skill level 15 in Invocations
 46935 | Snake:4  | Noticed Louise
 46956 | Snake:4  | Killed Louise
 47046 | Snake:4  | Noticed Saint Roka
 47070 | Snake:4  | Killed Saint Roka
 47074 | Snake:4  | Identified the +14 crystal plate armour of the Dice {Int+4}
                  | (Okawaru gifted it to you on level 4 of the Snake Pit)
 47074 | Snake:4  | Received a gift from Okawaru
 47131 | Snake:4  | Noticed Mlioglotl
 47144 | Snake:4  | Killed Mlioglotl
 47398 | Snake:4  | Reached XP level 20. HP: 154/168 MP: 38/38
 48184 | Snake:4  | Reached skill level 15 in Throwing
 48200 | Snake:4  | Got a serpentine rune of Zot
 48293 | Snake:4  | Learned a level 3 spell: Inner Flame
 48461 | Slime:1  | Entered Level 1 of the Pits of Slime
 48933 | Slime:1  | Reached skill level 15 in Spellcasting
 49516 | Slime:3  | Identified the +4 great mace "Leijol" {flame, Drain Fly
                  | rElec rPois} (Okawaru gifted it to you on level 3 of the
                  | Pits of Slime)
 49516 | Slime:3  | Received a gift from Okawaru
 49525 | Slime:3  | Reached skill level 18 in Fighting
 49745 | Slime:4  | Reached skill level 15 in Dodging
 49947 | Slime:5  | Entered Level 5 of the Pits of Slime
 50178 | Slime:5  | Reached skill level 15 in Stealth
 50186 | Slime:5  | Found a viscous altar of Jiyva.
 50187 | Slime:5  | Noticed the Royal Jelly
 50464 | Slime:5  | Received a gift from Okawaru
 50692 | Arena    | Entered the Arena
 50697 | Arena    | Killed the Royal Jelly
 50697 | Arena    | Received a gift from Okawaru
 50697 | Arena    | Received a gift from Okawaru
 51159 | Slime:5  | Got a slimy rune of Zot
 51180 | Slime:5  | Got the Omnibus of the Fetid Flock
 51182 | Slime:5  | Got the Omnibus of Evolution
 51249 | Slime:5  | Identified the ring of Vudogul {Fly rF+ rN+ Int+3}
 51251 | Slime:5  | Identified the ring of Reimbursement {rElec rCorr Dex+6
                  | SInv}
 51297 | Slime:5  | Identified the +1 scale mail of Paranoia {Int+4}
 51743 | Slime:2  | Reached XP level 21. HP: 161/178 MP: 40/40
 52636 | D:14     | Found Kehoiz's Armour Emporium.
 52740 | D:15     | Entered Level 15 of the Dungeon
 52752 | D:15     | Found a staircase to the Depths.
 53043 | D:15     | Found an ornate altar of the Wu Jian Council.
 53310 | D:15     | Acquired a book of Dreams
 53543 | Depths:1 | Entered Level 1 of the Depths
 53543 | Depths:1 | Noticed the Enchantress
 53543 | Depths:1 | Found Tielaec's Antique Weapon Shoppe.
 53548 | Abyss:3  | Cast into level 3 of the Abyss (spriggan defender)
 53675 | Abyss:3  | Found a corrupted altar of Lugonu.
 53709 | Abyss:3  | Received a gift from Okawaru
 54046 | Abyss:3  | Noticed a bone dragon
 54068 | Abyss:3  | Found a corrupted altar of Lugonu.
 54089 | Abyss:3  | Found a shimmering blue altar of Sif Muna.
 54091 | Abyss:3  | Found a shimmering blue altar of Sif Muna.
 54091 | Abyss:3  | Found a shimmering blue altar of Sif Muna.
 54118 | Abyss:3  | Gained mutation: You do not regenerate when monsters are
                  | visible. [a neqoxec]
 54164 | Abyss:3  | Received a gift from Okawaru
 54192 | Abyss:3  | Got an abyssal rune of Zot
 54253 | Abyss:3  | Reached skill level 19 in Fighting
 54397 | Abyss:3  | HP: 7/162 [tentacled starspawn (21)]
 54399 | Abyss:3  | Identified the +0 kite shield of Kanoiroa {rF++} (Okawaru
                  | gifted it to you on level 3 of the Abyss)
 54399 | Abyss:3  | Received a gift from Okawaru
 54401 | Abyss:3  | Reached skill level 15 in Short Blades
 54401 | Abyss:3  | Reached skill level 15 in Long Blades
 54401 | Abyss:3  | Reached skill level 15 in Axes
 54401 | Abyss:3  | Reached skill level 15 in Maces & Flails
 54401 | Abyss:3  | Reached skill level 15 in Polearms
 54401 | Abyss:3  | Reached skill level 15 in Staves
 54401 | Abyss:3  | Reached skill level 15 in Ranged Weapons
 54401 | Abyss:3  | Reached skill level 15 in Armour
 54401 | Abyss:3  | Reached skill level 15 in Shields
 54401 | Abyss:3  | Reached skill level 15 in Unarmed Combat
 54401 | Abyss:3  | Reached skill level 15 in Evocations
 54423 | Abyss:3  | Noticed a bone dragon
 54435 | Abyss:3  | Killed a bone dragon
 54435 | Abyss:3  | HP: 8/162 [white draconian/+0 mace (8)]
 54466 | Abyss:3  | HP: 5/180 [rakshasa/lance of force (21)]
 54478 | Abyss:3  | HP: 1/180 [rakshasa/+0 whip (9)]
 54502 | Abyss:3  | HP: 7/180 [starcursed mass/accursed screaming (8)]
 54820 | Depths:1 | Escaped the Abyss
 54825 | Arena    | Entered the Arena
 56226 | D:15     | Found a staircase to the Depths.
 56319 | D:15     | Found an ornate altar of the Wu Jian Council.
 56372 | D:15     | Killed the Enchantress
 57436 | D:15     | Lost mutation: You do not regenerate when monsters are
                  | visible. [potion of mutation]
 57436 | D:15     | Gained mutation: You possess an exceptional clarity of
                  | mind. [potion of mutation]
 57436 | D:15     | Gained mutation: You have sharp toenails. [potion of
                  | mutation]
 59037 | Depths:1 | Found a white marble altar of Elyvilon.
 59039 | Depths:1 | Found Achuedu's Jewellery Boutique.
 59118 | Depths:1 | Found Fawnecug's Weapon Boutique.
 59241 | Depths:1 | Acquired 859 gold pieces
 59276 | Depths:1 | Found a one-way gate leading to the halls of Pandemonium.
 59519 | Depths:1 | Found a gateway to Hell.
 59528 | Depths:1 | Reached XP level 22. HP: 181/188 MP: 40/42
 59622 | Depths:1 | Found Nasop's Neck Hole.
 59744 | Depths:1 | Found Jadol's Antique Weapon Boutique.
 59782 | Depths:1 | Found a shimmering altar of Xom.
 59785 | Depths:1 | Received a gift from Okawaru
 59807 | Depths:1 | Bought a crude rapier for 342 gold pieces
 59807 | Depths:1 | Identified the +8 rapier of Nutata {freeze, Dex+2} (You
                  | bought it in a shop on level 1 of the Depths)
 59807 | Depths:1 | Bought a smoking rapier for 342 gold pieces
 59807 | Depths:1 | Identified the +8 rapier "Orb Guardian's Regret" {venom,
                  | rCorr Str+2} (You bought it in a shop on level 1 of the
                  | Depths)
 59835 | Depths:1 | Found a one-way gate to the infinite horrors of the Abyss.
 60228 | Depths:2 | HP: 2/187 [hell knight/+4 glaive of flaming (14)]
 60228 | Depths:2 | Slain by a hell knight

Illustrated notes

Levels and vault maps discovered:
D:1:      saegor_arrival_fortress, layout_basic, hex_large
D:2:      layout_rooms, serial_shops, shop
D:3:      layout_basic, nrook_uturn, minmay_crystal_room
D:4:      layout_cave_pools
D:5:      layout_basic, minmay_temple_entry_statues_fountains,
          corexii_mini_fake_secret_closet, kennysheep_dice
D:6:      nicolae_cairo_tiling, layout_layer_cave, kennysheep_generic_room_4
D:7:      layout_rooms, serial_shops, nicolae_shop_trees, shop
D:8:      layout_loops_ring, serial_shops, shop, lemuel_flamethrower_2,
          uniq_prince_ribbit1
D:9:      layout_basic, hellmonk_lair_entry_icy, gammafunk_ghost_cemetery,
          enter_bailey_5
D:10:     layout_basic, mainiacjoe_overflow_brackets, enter_trove_6,
          uniq_psyche, uniq_maurice
D:11:     layout_cave_pools, serial_shops, shop, uniq_urug
D:12:     layout_cave_pods
D:13:     layout_cave_pools, david_vaults_1, nicolae_looking_at_the_future
D:14:     layout_cave_pools, serial_shops, nicolae_shop_waterfront
D:15:     gammafunk_depths_entry_grave, layout_loops_ring,
          nzn_wu_jian_council_hall
Temple:   mainiacjoe_temple_trianglar_array
Lair:1:   layout_cave_pods, infiniplex_staircase_pool_2
Lair:2:   layout_big_grid
Lair:3:   layout_cave_pods, swamp_mist, guppyfry_snake_entry_garden,
          ebering_ghost_rock_garden, basic_altar, gauntlet_entry_generic,
          uniq_gastronok
Lair:4:   layout_cave_pods, slime_entry_1, infiniplex_staircase_pool, uniq_sonja
Lair:5:   cheibrodos_lair_end_hotspot, layout_hall_layers,
          eino_house_with_fridge
Swamp:1:  layout_basic_swamp, evilmike_swamp_ruin_house_6, uniq_donald
Swamp:2:  layout_falls_marsh, evilmike_swamp_ruin_house_2, beargit_kiku_chapel,
          uniq_kirke
Swamp:3:  layout_basic_swamp, serial_swamp_ruin, evilmike_swamp_ruin_house_1,
          evilmike_swamp_ruin_rubble_1
Swamp:4:  swamp_alternative, layout_basic_swamp
Snake:1:  layout_concentric_octagons, grunt_ministairs_12, uniq_asterion
Snake:2:  layout_layer_cave, nrook_guardian_serpent_ordinary,
          grunt_megastairs_3, uniq_vashnia, uniq_nikola, uniq_roxanne
Snake:3:  gammafunk_sealed_library, layout_onion_interference,
          ebering_ghost_rock_garden
Snake:4:  johnstein_snake_rune_scales, layout_misc_corridors, uniq_mlioglotl,
          uniq_louise, uniq_saint_roka
Slime:1:  layout_caves
Slime:2:  layout_caves
Slime:3:  layout_caves
Slime:4:  layout_caves
Slime:5
Orc:1:    layout_diamond_mine, nicolae_shop_self_help
Orc:2:    grunt_orc_gardens, layout_diamond_mine, grunt_orc_garden,
          grunt_orc_garden, grunt_orc_garden, grunt_orc_garden, uniq_erolcha
Elf:1:    eino_elf_arrival_the_gate, layout_gridlike,
          portal_ice_cave_entry_ice_statue_one, hangedman_corner_corridor
Elf:2:    nicolae_elf_blades_crystal_corner, layout_onion_city
Elf:3:    minmay_elf_hall, layout_loops_cross, serial_shops, shop, shop, shop,
          grunt_ministairs_5, guppyfry_library_mini, minmay_shop_star
Depths:1: layout_basic, hellmouth_3, serial_shops, nicolae_lakefront_shop, shop,
          shop, nicolae_shop_competitors_out_of_business,
          abyss_entry_small_statue_room, pan_entry, serial_bayou_shore_b,
          hangedman_feature_mirror, nicolae_shop_sticking_my_neck_out,
          uniq_enchantress
Depths:2: nzn_winding_woodlands_stair_cross
          [nzn_winding_woodlands_5x15_river_crossing,
          nzn_winding_woodlands_center_garden,
          nzn_winding_woodlands_5x15_pathside_ponds,
          nzn_winding_woodlands_5x5_cross, nzn_winding_woodlands_hourglass,
          nzn_winding_woodlands_5x15_lazy_stream,
          nzn_winding_woodlands_center_diamonds,
          nzn_winding_woodlands_5x15_zeroes], layout_long_grid,
          rand_demon_pan_entry_4, abyss_entry,
          nicolae_gozag_cash_rules_everything_around_me, hell_entry,
          infiniplex_staircase_spiral_double, serial_bayou_shore_b, uniq_sojobo

Skill      XL: |  1  2  3  4  5  6  7  8  9 10 11 12 13 14 15 16 17 18 19 20 21 |
---------------+----------------------------------------------------------------+-----
Transmutations | 2 3 4 6 7 8 9 10 11 12 13 | 13.2
Spellcasting   | 5 6 7 8 9 10 11 12 13 14 15 16 | 16.0
Invocations    | 1 2 3 4 5 7 8 10 11 12 13 14 15 16 | 16.6
Fighting       | 1 2 3 4 5 6 7 8 9 11 12 14 15 16 17 18 19 | 19.5
Short Blades   | 1 2 3 4 5 6 7 8 9 10 11 12 13 14 15 | 15.3
Long Blades    | 1 2 3 4 5 6 7 8 9 10 11 12 13 14 15 | 15.3
Axes           | 1 2 3 4 5 6 7 8 9 10 11 12 13 14 15 | 15.3
Maces & Flails | 1 2 3 4 5 6 7 8 9 10 11 12 13 14 15 | 15.3
Polearms       | 1 2 3 4 5 6 7 8 9 10 11 12 13 14 15 | 15.3
Staves         | 1 2 3 4 5 6 7 8 9 10 11 12 13 14 15 | 15.3
Ranged Weapons | 1 2 3 4 5 6 7 8 9 10 11 12 13 14 15 | 15.3
Throwing       | 1 2 3 4 5 6 7 8 9 10 11 12 13 14 15 17 | 17.1
Armour         | 1 2 3 4 5 6 7 8 9 10 11 12 13 14 15 | 15.3
Shields        | 1 2 3 4 5 6 7 8 9 10 11 12 13 14 15 | 15.3
Unarmed Combat | 1 2 3 4 5 6 7 8 9 10 11 12 13 14 15 | 15.3
Evocations     | 1 2 3 4 5 6 7 8 9 10 11 12 13 14 15 | 15.3
Conjurations   | 1 2 3 4 5 6 7 8 9 10 11 12 13 | 13.0
Hexes          | 1 2 3 4 5 6 7 8 9 10 11 13 14 | 14.2
Summonings     | 1 2 3 4 5 6 7 8 9 10 11 12 13 | 13.0
Necromancy     | 1 2 3 4 5 6 7 8 9 10 11 12 13 | 13.0
Translocations | 1 2 3 4 5 6 7 8 9 10 11 12 13 | 13.0
Fire Magic     | 1 2 3 4 5 6 7 8 9 10 11 12 13 | 13.0
Ice Magic      | 1 2 3 4 5 6 7 8 9 10 11 12 13 | 13.0
Air Magic      | 1 2 3 4 5 6 7 8 9 10 11 12 13 | 13.0
Poison Magic   | 1 2 3 4 5 6 7 8 9 10 11 12 13 | 13.0
Dodging        | 5 6 8 9 10 11 12 13 14 15 | 15.9
Stealth        | 5 6 8 9 10 11 12 13 14 15 | 15.8
Earth Magic    | 6 7 8 9 10 11 12 13 14 | 14.0

Action                   |  1- 3 |  4- 6 |  7- 9 | 10-12 | 13-15 | 16-18 | 19-21 | 22-24 || total
-------------------------+-------+-------+-------+-------+-------+-------+-------+-------++-------
Melee: Dagger            |       |     5 |       |       |       |       |       |       ||     5
       Bite              |       |     7 |    17 |    46 |   169 |   141 |   211 |     7 ||   598
       Falchion          |       |    32 |   135 |       |       |       |       |       ||   167
       Punch             |       |       |     2 |       |       |       |       |       ||     2
       Scimitar          |       |       |    63 |   165 |       |       |       |       ||   228
       Demon trident     |       |       |       |   116 |  1024 |  1023 |  1039 |    26 ||  3228
       Double sword      |       |       |       |       |       |       |   146 |       ||   146
Throw: Dart              |       |     1 |     3 |     8 |       |     2 |       |       ||    14
 Cast: Sandblast         |    39 |    64 |   132 |    22 |       |       |       |       ||   257
       Frozen Ramparts   |       |       |    12 |    19 |     2 |       |       |       ||    33
       Sticky Flame      |       |       |     1 |     2 |     6 |    34 |    12 |       ||    55
       Stone Arrow       |       |       |       |   109 |    71 |    80 |    44 |       ||   304
       Freezing Cloud    |       |       |       |       |    23 |    50 |    38 |     2 ||   113
       Blink             |       |       |       |       |     8 |     1 |     1 |       ||    10
       Yara's Violent Un |       |       |       |       |     1 |     2 |     2 |       ||     5
       Lee's Rapid Decon |       |       |       |       |       |     3 |    30 |       ||    33
       Arcjolt           |       |       |       |       |       |     2 |    34 |       ||    36
       Statue Form       |       |       |       |       |       |       |     1 |       ||     1
       Inner Flame       |       |       |       |       |       |       |     1 |       ||     1
Invok: Finesse           |       |       |       |       |     2 |     1 |     7 |       ||    10
       Heroism           |       |       |       |       |     2 |     1 |     6 |       ||     9
       Duel              |       |       |       |       |       |       |     3 |       ||     3
Evoke: Wand              |       |       |     2 |     5 |     1 |       |     1 |       ||     9
       Condenser vane    |       |       |       |       |       |       |       |     1 ||     1
  Use: Scroll            |       |       |     9 |    10 |    13 |     9 |    23 |       ||    64
       Potion            |       |       |       |     2 |     1 |       |    26 |       ||    29
 Stab: Paralysed         |       |       |     5 |     6 |       |       |       |       ||    11
       Sleeping          |       |       |     1 |     3 |    13 |    27 |    15 |     1 ||    60
       Distracted        |       |       |       |     1 |     3 |     7 |    43 |     1 ||    55
Armor: Robe              |     6 |     2 |       |       |       |       |       |       ||     8
       Ring mail         |       |    20 |   122 |   101 |   269 |   309 |    88 |       ||   909
       Scale mail        |       |       |       |       |       |       |   309 |     6 ||   315
Dodge: Dodged            |     8 |    24 |   151 |   152 |   424 |   485 |   614 |    12 ||  1870
Block: Other             |       |    11 |    39 |       |       |       |       |       ||    50
       Kite shield       |       |       |    93 |   339 |   909 |   790 |       |       ||  2131
       Reflection        |       |       |     1 |    12 |    41 |    57 |    35 |       ||   146
       Buckler           |       |       |       |       |       |     4 |   440 |     9 ||   453

Table legend: (Time is in decaauts)
 A = Elapsed time spent in this place.
 B = Non-inter-level travel time spent in this place.
 C = Inter-level travel time spent in this place.
 D = Time resting spent in this place.
 E = Time spent auto-exploring this place.
 F = Levels seen in this place.
 G = Mean time per level.
                   A        B        C        D        E       F      G
               +--------+--------+--------+--------+--------+-----+--------+
         Total |  60126 |  55901 |   4225 |  17560 |  25507 |  49 | 1227.1 |
       Dungeon |  21133 |  19714 |   1419 |   6056 |  10259 |  15 | 1408.9 |
        Temple |    330 |    301 |     29 |      0 |    285 |   1 |  330.0 |
          Lair |   6892 |   5602 |   1290 |    748 |   3591 |   5 | 1378.4 |
         Swamp |   7468 |   7173 |    295 |   3247 |   2475 |   4 | 1867.0 |
     Snake Pit |   6351 |   5844 |    507 |   1448 |   3201 |   4 | 1587.8 |
    Slime Pits |   2974 |   2952 |     22 |   1576 |    545 |   5 |  594.8 |
  Orcish Mines |   3102 |   2842 |    260 |    891 |   1210 |   2 | 1551.0 |
   Elven Halls |   5839 |   5464 |    375 |   1466 |   2281 |   3 | 1946.3 |
        Depths |   1310 |   1284 |     26 |    122 |    834 |   2 |  655.0 |
         Abyss |   1177 |   1177 |      0 |    644 |      0 |   1 | 1177.0 |
         Trove |     46 |     46 |      0 |      0 |      0 |   1 |   46.0 |
        Bailey |   1373 |   1373 |      0 |    540 |    355 |   1 | 1373.0 |
      Ice Cave |   1199 |   1199 |      0 |    626 |    184 |   1 | 1199.0 |
      Gauntlet |    849 |    849 |      0 |    160 |    285 |   1 |  849.0 |
         Arena |     76 |     76 |      0 |     34 |      0 |   3 |   25.3 |
               +--------+--------+--------+--------+--------+-----+--------+

Top non-repeatable levels by time:
    D:15: 3530 daAuts
 Swamp:1: 2681 daAuts
   Elf:3: 2469 daAuts
    D:10: 2403 daAuts
 Snake:2: 2351 daAuts
   Elf:2: 2199 daAuts
 Swamp:4: 2025 daAuts
     D:5: 1935 daAuts
  Lair:3: 1919 daAuts
     D:8: 1883 daAuts
     D:9: 1690 daAuts
  Lair:5: 1620 daAuts
   Orc:2: 1582 daAuts
 Snake:3: 1582 daAuts
   Orc:1: 1520 daAuts
